 Dungeon Crawl Stone Soup version 0.20-a0-650-gd54866b (webtiles) character file.

710471 retryentry the Archmage (level 27, -4/183 HPs)
             Began as a Deep Elf Fire Elementalist on Feb 15, 2017.
             Was the Champion of Vehumet.
             Killed from afar by a Hell Sentinel (39 damage)
             ... with damnation
             ... on level 20 of a ziggurat on Feb 16, 2017.
             The game lasted 04:27:17 (61526 turns).

retryentry the Archmage (DEFE)                     Turns: 61526, Time: 04:27:18

Health: -4/183     AC: 27    Str: 12    XL:     27
Magic:  33/71      EV: 27    Int: 34    God:    Vehumet [******]
Gold:   3867       SH: 14    Dex: 17    Spells: 2/80 levels left

rFire    + . .     SeeInvis +   I - staff of power
rCold    . . .     Gourm    .   F - +2 faerie dragon scales {rCorr Int+3}
rNeg     . . .     Faith    .   t - +1 buckler {AC+3}
rPois    .         Spirit   .   W - +0 mask of the Dragon {MR+ Slay+3 SInv}
rElec    +         Reflect  +   K - +1 cloak of Starlight {rElec rC+ EV+4 Stlth--}
rCorr    +         Harm     .   Q - +2 pair of gloves "Omupujam" {rElec}
MR       +++..     Clarity  +   i - +2 pair of boots {Fly}
Stlth    ..........             h - +6 amulet of reflection
Regen    0.4/turn               Y - ring "Taokych" {Fire Str+2 SInv}
MPRegen  0.5/turn               (no ring)

@: flying
A: repulsion field 1, icy blue scales 1, iridescent scales 1, agile 1, clarity,
deterioration 1, robust 2, strong 1
}: 4/15 runes: serpentine, barnacled, slimy, silver
a: Renounce Religion, Stop Flying


You were on level 20 of a ziggurat.
You worshipped Vehumet.
Vehumet was exalted by your worship.
You were not hungry.

You visited 10 branches of the dungeon, and saw 50 of its levels.
You visited 1 ziggurat, and saw 20 of its levels.
You also visited: Labyrinth, Sewer, Bailey and Ice Cave.

You collected 7418 gold pieces.
You spent 3551 gold pieces at shops.

Inventory:

Hand Weapons
 X - the +6 war axe of Okawaru's Benevolence {chop, rPois MP+9}
   (You bought it in a shop on level 12 of the Dungeon)

   It inflicts extra damage upon your enemies.
   It protects you from poison.
   It affects your magic capacity (+9).
Armour
 i - a +2 pair of boots of flying (worn)
 t - a +1 buckler of protection (worn)
 x - the +2 cloak of the Other Side {rElec rN++ Str+4 Int-3}
   (You acquired it on level 12 of a ziggurat)

   It affects your strength (+4).
   It affects your intelligence (-3).
   It insulates you from electricity.
   It greatly protects you from negative energy.
 F - the +2 faerie dragon scales (worn) {rCorr Int+3}
   (You took it off the Enchantress on level 2 of the Depths)

   It affects your intelligence (+3).
   It protects you from acid and corrosion.
 K - the +1 cloak of Starlight (worn) {rElec rC+ EV+4 Stlth--}
   (You found it on level 11 of a ziggurat)

   It affects your evasion (+4).
   It protects you from cold.
   It insulates you from electricity.
   It makes you much less stealthy.
 Q - the +2 pair of gloves "Omupujam" (worn) {rElec}
   (You found it in an ice cave)

   It insulates you from electricity.
 W - the +0 mask of the Dragon (worn) {MR+ Slay+3 SInv}
   (You bought it in a shop on level 2 of the Snake Pit)

   It affects your accuracy and damage with ranged weapons and melee attacks
   (+3).
   It affects your resistance to hostile enchantments.
   It lets you see invisible.
Magical Staves
 I - an uncursed staff of power (weapon)
Jewellery
 b - an uncursed amulet of regeneration
 h - a +6 amulet of reflection (around neck)
 l - the ring of Hipiep {rPois rC+ Int+2}
   (You found it on level 15 of a ziggurat)

   [ring of protection from cold]

   It affects your intelligence (+2).
   It protects you from cold.
   It protects you from poison.
 A - the ring "Ceimnin" {rCorr Str+2}
   (You took it off a vault warden on level 5 of the Vaults)

   [ring of resist corrosion]

   It affects your strength (+2).
 D - an uncursed ring of protection from magic
 H - the ring "Viytroih" {rC++ Str+4 Dex+3}
   (You found it on level 2 of the Depths)

   [ring of strength]

   It affects your strength (+4).
   It affects your dexterity (+3).
   It greatly protects you from cold.
 N - an uncursed ring of magical power
 S - the ring of the Establishment {rN+ Slay+3}
   (You found it in a labyrinth)

   [ring of slaying]

   It affects your accuracy and damage with ranged weapons and melee attacks
   (+3).
   It protects you from negative energy.
 Y - the ring "Taokych" (right hand) {Fire Str+2 SInv}
   (You found it on level 6 of the Lair of Beasts)

   [ring of fire]

   It enhances your fire magic.
   It affects your strength (+2).
   It protects you from fire.
   It makes you vulnerable to cold.
   It lets you see invisible.
Wands
 C - a wand of digging (3/24)
Scrolls
 f - 30 scrolls of teleportation
 g - 9 scrolls of enchant weapon
 j - 3 scrolls of acquirement
 k - 11 scrolls of recharging
 o - a scroll of torment
 q - 9 scrolls of immolation
 u - 10 scrolls of blinking
 y - 5 scrolls of fear
 J - 12 scrolls of magic mapping
 L - 32 scrolls of identify
 P - 4 scrolls of amnesia
 R - 8 scrolls of fog
 T - 15 scrolls of enchant armour
 V - 21 scrolls of remove curse
 Z - 5 scrolls of holy word
Potions
 e - 9 potions of heal wounds
 m - 4 potions of cancellation
 n - 11 potions of mutation
 p - 8 potions of haste
 r - a potion of magic
 s - 5 potions of resistance
 z - 6 potions of agility
 E - 8 potions of brilliance
 G - 27 potions of curing
 M - 4 potions of might
Miscellaneous
 d - a crystal ball of energy
 v - 6 phantom mirrors
Comestibles
 c - 4 bread rations
 w - 31 meat rations
 B - 37 royal jellies


   Skills:
 + Level 10.4 Fighting
 * Level 11.0 Armour
 * Level 13.7 Dodging
 - Level 2.4 Stealth
 * Level 10.7 Shields
 O Level 27 Spellcasting
 O Level 27 Conjurations
 * Level 10.4 Charms
 * Level 2.9 Summonings
 - Level 20.1 Necromancy
 - Level 7.0 Translocations
 * Level 14.1 Transmutations
 - Level 24.6 Fire Magic
 * Level 8.7 Air Magic


You had 2 spell levels left.
You knew the following spells:

 Your Spells              Type           Power        Failure   Level  Hunger
a - Tornado               Air            #######...   99%         9    ###....
b - Dragon's Call         Summ           ######....   100%        9    ###....
c - Deflect Missiles      Chrm/Air       #######...   1%          6    None
d - Regeneration          Chrm/Necr      #######...   0%          3    None
e - Necromutation         Tmut/Necr      ########..   4%          8    None
f - Blink                 Tloc           N/A          1%          2    None
g - Death's Door          Chrm/Necr      #######...   10%         8    None
h - Spellforged Servitor  Conj/Summ      #######...   1%          7    None
i - Orb of Destruction    Conj           ########..   1%          7    None
j - Fire Storm            Conj/Fire      ########..   1%          9    ###....
k - Borgnjor's Revivific  Necr           ########..   1%          8    None
l - Sublimation of Blood  Necr           ########..   0%          2    None


Dungeon Overview and Level Annotations

Branches:
Dungeon (15/15)            Temple (1/1) D:4            Lair (6/6) D:8
 Shoals (4/4) Lair:2        Snake (4/4) Lair:3        Slime (5/5) Lair:6
    Orc (2/2) D:12            Elf (3/3) Orc:2        Vaults (5/5) D:14
  Crypt (0/3) Vaults:2     Depths (5/5) D:15            Zot (0/5) Depths:5

Altars:
Ashenzari
Cheibriados
Fedhas
Gozag
Hepliaklqana
Makhleb
Okawaru
Qazlal
Sif Muna
Trog
Uskayaw
Vehumet
Xom
Yredelemnul
Zin
The Shining One
Beogh

Shops:
D:4 *   D:6 *   D:8 *   D:10 (%*   D:12 (   Orc:1 *?   Orc:2 *[(*(?=%
Elf:1 [=}??   Snake:1 !*[   Snake:2 (*=[   Vaults:2 (   Vaults:3 *
Vaults:5 ?%!   Depths:1 *?*(*   Depths:5 :%!

Portals:
Hell: Depths:1 Depths:2 Depths:3 Depths:4 Depths:5
Abyss: Depths:4 Depths:5
Pandemonium: Depths:3

Annotations:
Lair:3 1 exclusion
Shoals:4 1 runed door


Innate Abilities, Weirdness & Mutations

You are surrounded by a mild repulsion field. (EV +2)
You are partially covered in icy blue scales. (AC +2)
You are partially covered in iridescent scales. (AC +2)
You are agile. (Dex +2)
You possess an exceptional clarity of mind.
Your body sometimes deteriorates upon taking damage.
You are very robust. (+20% HP)
Your muscles are strong. (Str +2)


Message History

The balrug is almost dead.
The great blast of fire engulfs the reaper.
The reaper partially resists.
You kill the reaper!
Vehumet accepts your kill.
You feel your power returning.
The great blast of fire engulfs the Brimstone Fiend.
The Brimstone Fiend partially resists.
The Brimstone Fiend is severely wounded.
Vehumet accepts your kill.
You feel your power returning.
You feel a bit more experienced.
The great blast of fire engulfs the monstrous corrupter.
The monstrous corrupter partially resists.
The monstrous corrupter is heavily wounded.
The great blast of fire engulfs the Hell Sentinel.
The Hell Sentinel partially resists.
The Hell Sentinel is almost dead.
The Hell Sentinel gestures at you.
The sphere of damnation explodes!
The damnation engulfs you!
You die...

.. ..▓ .... #..▓▓
......# #..▓▓
.......##...▓▓
..)..........▓▓
..§)...§......▓▓
§.....§6v§.....▓▓
.v)2.4v§vv.[.@∩.▓
(vv(..§§§2.....▓▓
..[[.6§1§§....▓▓
2[6..2§1§v...▓▓
.6...16##...▓▓
2.....# #..▓▓
...... #..▓▓
...... ..▓▓ .....
..▓


You could see a Hell Sentinel, a Brimstone Fiend, a balrug, a monstrous
corrupter, an infernal blood saint and 5 friendly fire vortices.

Vanquished Creatures
  the Royal Jelly (Slime:5)
  6 ancient liches
  Mara (Shoals:4)
  6 juggernauts
  A pandemonium lord (Zig:20)
  5 greater mummies
  Margery (Vaults:2)
  The ghost of glosham the Gelid, a veteran BaEE of Cheibriados (Vaults:5)
  3 golden dragons
  6 caustic shrikes
  A Tzitzimitl (Zig:20)
  the Enchantress (Depths:2)
  2 bone dragons
  3 iron giants (Zig:18)
  A Brimstone Fiend (Zig:20)
  6 tentacled monstrosities
  6 liches
  A hellephant (Zig:12)
  2 deep elf blademasters
  2 quicksilver dragons
  Asterion (Depths:2)
  2 Ice Fiends (Zig:20)
  7 titans
  Frances (D:13)
  17 acid blobs
  2 Executioners (Zig:20)
  2 deep elf master archers (Elf:3)
  3 storm dragons
  3 tentacled starspawn (Zig:14)
  5 sphinxes
  Kirke (D:14)
  10 shadow dragons
  8 tengu reavers
  2 ancient champions (Zig:10)
  8 azure jellies
  15 fire giants
  3 warmongers (Zig:20)
  5 revenants
  Ilsuiw (Shoals:4)
  10 nagarajas
  5 iron dragons
  2 draconian knights (Depths:5)
  15 vault wardens
  20 frost giants
  6 ghost moths
  19 deep elf sorcerers
  7 deep elf elementalists
  2 orc warlords
  A juggernaut zombie (Zig:16)
  3 draconian shifters
  A draconian stormcaller (Zig:4)
  2 cacodemons (Zig:20)
  An emperor scorpion (Zig:13)
  2 balrugs (Zig:20)
  A ghoul (Vaults:2)
  13 ironheart preservers
  6 spriggan defenders
  A war gargoyle (Vaults:5)
  5 draconian annihilators (Zig:19)
  7 entropy weavers
  6 reapers
  22 very ugly things
  A caustic shrike skeleton (Zig:16)
  2 juggernaut skeletons
  47 stone giants
  2 bennus (Zig:15)
  A green draconian (Zig:4)
  2 dire elephants (Zig:12)
  A black sun (Zig:20)
  6 blood saints
  2 vampire knights
  12 deep elf annihilators
  5 deep elf demonologists
  2 corrupters (Zig:20)
  2 white draconians
  2 lorocyprocas
  The ghost of nago the Carver, a journeyman DrAs of Makhleb (D:11)
  14 spark wasps
  2 purple draconians (Depths:5)
  8 deep elf death magi
  9 merfolk javelineers
  A minotaur (Lab)
  2 mummy priests (Zig:15)
  3 blizzard demons
  15 ettins
  Josephine (D:12)
  8 fire dragons
  3 eidola
  11 death oozes
  17 ogre magi
  7 merfolk impalers
  19 yaktaur captains
  3 deep elf high priests (Elf:3)
  3 jiangshi
  5 spriggan air magi
  11 hydras
  32 vault guards
  A caustic shrike simulacrum (Zig:3)
  Fannar (Lair:2)
  12 ice dragons
  14 great orbs of eyes
  3 hell beasts (Zig:20)
  11 naga warriors
  2 monstrous demonspawn (Zig:20)
  8 rakshasas
  Harold (Lair:2)
  2 merfolk avatars
  39 two-headed ogres
  An alligator snapping turtle (shapeshifter) (Vaults:3)
  2 catoblepae
  10 anacondas
  2 alligator snapping turtles (Zig:17)
  2 death scarabs
  10 merfolk aquamancers
  3 death knights
  A queen ant (Lair:2)
  13 centaur warriors
  28 dancing weapons
  19 deep troll shamans
  2 tengu warriors
  6 death yaks (Lair:6)
  3 satyrs
  13 deep troll earth magi
  3 spriggan berserkers
  A titan zombie (Zig:16)
  19 naga sharpshooters
  9 shock serpents
  3 vampire magi
  A shock serpent (shapeshifter) (Depths:5)
  23 deep elf knights
  A titan skeleton (Zig:15)
  12 salamander mystics
  A shadow wraith (Vaults:4)
  7 iron trolls
  4 hell knights (Vaults:2)
  16 skeletal warriors
  A wretched star (Zig:14)
  A spatial maelstrom (Zig:14)
  2 deep trolls (shapeshifter)
  2 glowing orange brains (Depths:3)
  14 sea snakes
  7 naga ritualists
  A swamp dragon (Lair:6)
  A starcursed mass (Zig:14)
  4 unseen horrors
  5 wizards
  A glowing orange brain (shapeshifter) (Vaults:5)
  4 flayed ghosts
  A death drake (Zig:14)
  A gelid demonspawn (Depths:3)
  52 deep trolls
  A shadow dragon zombie (Zig:5)
  45 harpies
  A shadow demon (Zig:20)
  10 phantasmal warriors
  11 deep elf archers
  15 ironbrand convokers
  7 necromancers
  11 orc knights
  4 lindwurms (Snake:4)
  16 mana vipers
  8 wolf spiders
  2 fire giant zombies
  8 orb spiders
  12 orc sorcerers
  2 shining eyes
  A shadow dragon skeleton (Zig:16)
  15 fauns
  16 cyclopes
  60 deep elf magi
  13 salamanders
  A tengu skeleton (Vaults:5)
  A moth of wrath (shapeshifter) (Vaults:2)
  A guardian serpent (shapeshifter) (Vaults:2)
  2 moths of wrath
  An iron dragon skeleton (Zig:14)
  20 manticores
  7 elephants
  52 ugly things
  3 ice statues
  Maurice (Orc:2)
  An elephant (shapeshifter) (Vaults:5)
  7 torpor snails
  2 fire giant skeletons
  46 black mambas
  12 vault sentinels
  8 guardian serpents
  14 merfolk sirens
  2 centaur zombies (D:15)
  A smoke demon (Zig:14)
  2 frost giant skeletons
  8 water nymphs
  24 naga magi
  A gargoyle (D:12)
  2 torpor snails (shapeshifter)
  A yaktaur zombie (Vaults:1)
  2 spriggan skeletons (Zig:16)
  4 hellions
  6 rime drakes
  21 spiny frogs
  10 komodo dragons
  A centaur skeleton (D:13)
  51 yaktaurs
  8 freezing wraiths
  6 demonic crawlers
  2 yaktaur skeletons
  6 tormentors
  3 tengu conjurers
  2 hellwings
  An ancient zyme (Zig:14)
  8 guardian mummies (Zig:15)
  9 trolls
  4 elf skeletons
  A jumping spider (shapeshifter) (Depths:2)
  A polar bear (shapeshifter) (Elf:3)
  9 ice devils
  A merfolk (shapeshifter) (Depths:3)
  39 merfolk
  14 polar bears
  6 wind drakes
  A meliai (shapeshifter) (Depths:3)
  2 queen bees (shapeshifter) (Vaults:4)
  7 hornets
  6 jumping spiders
  9 snapping turtles
  A meliai zombie (D:12)
  2 ettin zombies (Vaults:5)
  An elf zombie (Zig:16)
  5 raiju (Lair:6)
  24 blink frogs
  9 dream sheep
  59 slime creatures
  18 hippogriffs
  22 redbacks
  4 flying skulls
  3 spriggans
  2 shadows
  2 wyverns
  8 wraiths
  A spriggan (shapeshifter) (Depths:4)
  18 water elementals
  4 tarantellas
  3 ushabtiu (Zig:15)
  An air elemental (Elf:1)
  A fire dragon skeleton (D:15)
  3 hogs (D:15)
  8 large abominations (Zig:14)
  A yak (shapeshifter) (Depths:2)
  3 ynoxinuls (Zig:14)
  An ice dragon skeleton (Vaults:1)
  57 yaks
  A human (shapeshifter) (Vaults:1)
  A basilisk (shapeshifter) (Vaults:5)
  4 fire elementals
  A hog (shapeshifter) (Vaults:3)
  2 hungry ghosts
  Grum (D:8)
  9 basilisks
  3 chaos spawn
  3 steam dragons
  2 yaktaur simulacra
  3 vampire mosquitoes
  42 nagas
  13 wargs
  15 water moccasins
  12 hell hounds (Lair:6)
  4 acid dragons
  6 soldier ants
  Duvessa (D:7)
  A floating eye (shapeshifter) (Vaults:4)
  5 porcupines
  3 swamp drakes
  34 orc warriors
  4 sky beasts
  2 phantoms
  A black bear (shapeshifter) (Vaults:5)
  6 eyes of draining
  A necrophage (D:10)
  A hornet zombie (D:14)
  3 ice beasts
  13 black bears
  A boggart (shapeshifter) (Vaults:1)
  18 wolves
  36 ogres
  A wolf (shapeshifter) (Vaults:4)
  7 boggarts
  2 small abominations (Zig:14)
  19 crocodiles
  21 centaurs
  The ghost of loom the Conjurer, an amateur DECj (D:3)
  14 bullfrogs
  A big kobold (D:7)
  An earth elemental (Elf:1)
  8 gnoll sergeants (Bailey)
  2 scorpions
  Dowan (D:7)
  3 killer bees (D:10)
  An elf simulacrum (Vaults:4)
  8 wights
  5 howler monkeys
  An electric eel (Lair:3)
  4 lava snakes (Lab)
  3 crimson imps
  4 bullfrog zombies
  A quasit (D:13)
  19 orc priests
  8 hounds
  A jelly (D:5)
  6 gnoll shamans (Bailey)
  44 orc wizards
  4 bullfrog skeletons
  9 iguanas
  12 worker ants
  A lightning spire (Zig:19)
  A hound zombie (D:6)
  18 mummies (Zig:15)
  A worker ant zombie (D:11)
  15 adders
  18 gnolls
  A river rat (D:5)
  3 shadow imps
  8 white imps
  8 ufetubi (IceCv)
  6 oozes (D:1)
  2 adder zombies
  5 worms
  2 dart slugs (D:1)
  A leopard gecko (D:3)
  102 orcs
  6 giant cockroaches
  4 hobgoblins
  13 jackals
  7 quokkas
  3 ball pythons
  7 bats
  7 frilled lizards
  7 goblins
  10 kobolds
  A leopard gecko skeleton (D:6)
  A quokka skeleton (D:7)
  2 quokka zombies
  16 rats
  6 crawling corpses (Elf:3)
  5 fire vortices
  2 fungi
  22 plants
  A starspawn tentacle (Zig:14)
2731 creatures vanquished.

Vanquished Creatures (collateral kills)
  A starcursed mass (Zig:14)
  2 juggernauts (Zig:18)
  2 tentacled monstrosities (Vaults:5)
  The ghost of aves the Severer, an adept VSFi of Qazlal (Vaults:3)
  4 acid blobs
  A shadow dragon (Depths:5)
  An azure jelly (Slime:5)
  A deep elf elementalist (Elf:3)
  A frost giant (Vaults:3)
  3 ironheart preservers
  A juggernaut skeleton (Zig:16)
  A very ugly thing (Depths:4)
  A black draconian (Depths:5)
  2 deep elf annihilators
  A mummy priest (Zig:15)
  A fire dragon (Vaults:1)
  A yaktaur captain (Vaults:3)
  A quicksilver dragon skeleton (Zig:16)
  An ice dragon (Depths:2)
  A centaur warrior (Vaults:2)
  A satyr (shapeshifter) (Vaults:4)
  4 two-headed ogres
  A deep elf knight (Vaults:4)
  A tengu zombie (Zig:16)
  2 deep trolls
  A deep elf archer (Elf:1)
  A golden dragon skeleton (Zig:16)
  A wizard (Depths:2)
  2 orc knights
  A mana viper (shapeshifter) (Elf:2)
  5 ugly things
  A fire giant skeleton (Zig:15)
  A guardian serpent (Zig:6)
  A jumping spider (Zig:13)
  A slime creature (shapeshifter) (Vaults:1)
  4 slime creatures
  A redback (Elf:3)
  An ushabti (Zig:15)
  A golden eye (shapeshifter) (Vaults:1)
  A floating eye (Depths:3)
  A boggart (Vaults:2)
  2 ogres
  A centaur (Depths:4)
  A glowing shapeshifter simulacrum (Vaults:4)
  An orc priest (Zig:8)
  5 mummies (Zig:15)
  An orc (Vaults:5)
  A crawling corpse (Elf:3)
73 creatures vanquished.

Vanquished Creatures (others)
  Nikola (Depths:1)
  2 stone giants
  A merfolk javelineer (Zig:17)
  A cyclops (Shoals:3)
  A yaktaur (Vaults:4)
  A centaur (D:11)
  4 white imps (IceCv)
  5 ufetubi (IceCv)
  768 fire vortices
  18 fungi
  46 plants
  5 starspawn tentacles (Zig:14)
  A withered plant (Shoals:1)
854 creatures vanquished.

Grand Total: 3658 creatures vanquished

Notes
Turn   | Place    | Note
-------+----------+-------------------------------------------
     0 | D:1      | retryentry the Deep Elf Fire Elementalist began the quest for the Orb.
     0 | D:1      | Reached XP level 1. HP: 10/10 MP: 6/6
     1 | D:1      | Found a runed door.
   350 | D:1      | Reached XP level 2. HP: 15/15 MP: 6/8
   754 | D:1      | Reached XP level 3. HP: 17/19 MP: 0/10
  1257 | D:2      | Reached XP level 4. HP: 24/24 MP: 8/12
  1350 | D:2      | Found a faded altar of an unknown god.
  1800 | D:2      | Learned a level 4 spell: Sticky Flame
  1804 | D:2      | Learned a level 3 spell: Conjure Flame
  1966 | D:3      | Noticed loom's ghost (amateur DECj)
  2100 | D:3      | Killed loom's ghost
  2100 | D:3      | Reached XP level 5. HP: 18/28 MP: 9/14
  2348 | D:3      | Reached skill level 5 in Spellcasting
  2352 | D:3      | Reached skill level 1 in Fighting
  2352 | D:3      | Reached XP level 6. HP: 34/34 MP: 1/15
  2738 | D:3      | Reached skill level 5 in Fire Magic
  3125 | D:4      | Found a staircase to the Ecumenical Temple.
  3136 | Temple   | Entered the Ecumenical Temple
  3175 | Temple   | Became a worshipper of Vehumet
  3226 | D:4      | Reached skill level 5 in Conjurations
  3226 | D:4      | Reached XP level 7. HP: 38/38 MP: 13/17
  3447 | D:4      | Found Tuxzenog's Serpentskin Sales.
  3597 | D:5      | Entered Level 5 of the Dungeon
  3731 | D:5      | Found a glowing drain.
  3797 | Sewer    | Entered a sewer
  3819 | Sewer    | Learned a level 5 spell: Fireball
  3823 | Sewer    | Reached * piety under Vehumet
  3823 | Sewer    | Offered knowledge of Sting by Vehumet.
  4649 | D:5      | Gained mutation: You are weak. (Str -2) [mutagenic meat]
  4650 | D:5      | Gained mutation: You have sharp fingernails. [mutagenic meat]
  4651 | D:5      | Gained mutation: You are dopey. (Int -2) [mutagenic meat]
  4652 | D:5      | Gained mutation: You regenerate slowly when monsters are visible. [mutagenic meat]
  4796 | D:5      | Reached XP level 8. HP: 45/45 MP: 12/20
  5548 | D:6      | Offered knowledge of Freeze by Vehumet.
  5551 | D:6      | Learned a level 1 spell: Freeze
  5604 | D:6      | Reached ** piety under Vehumet
  5963 | D:6      | Found Verhot's Assorted Antiques.
  5967 | D:6      | Bought a potion of curing for 51 gold pieces
  6075 | D:6      | Lost mutation: You regenerate slowly when monsters are visible. [potion of mutation]
  6075 | D:6      | Lost mutation: You are weak. (Str -2) [potion of mutation]
  6075 | D:6      | Lost mutation: You are dopey. (Int -2) [potion of mutation]
  6075 | D:6      | Lost mutation: You have sharp fingernails. [potion of mutation]
  6075 | D:6      | Gained mutation: You are clumsy. (Dex -2) [potion of mutation]
  6075 | D:6      | Gained mutation: You are surrounded by a mild repulsion field. (EV +2) [potion of mutation]
  6510 | D:7      | Reached XP level 9. HP: 45/51 MP: 19/23
  6734 | D:7      | Offered knowledge of Static Discharge by Vehumet.
  6849 | D:7      | Noticed Dowan
  6850 | D:7      | Noticed Duvessa
  6852 | D:7      | Killed Dowan
  6856 | D:7      | Killed Duvessa
  7365 | D:7      | Reached *** piety under Vehumet
  7726 | D:8      | Got a warped rapier
  7732 | D:8      | Identified the +8 rapier of Impeachment {protect, +Blink rElec MR+} (You found it on level 8 of the Dungeon)
  7773 | D:8      | Found Dum Seitaohi's Assorted Antiques.
  7810 | D:8      | Found a staircase to the Lair.
  7835 | D:8      | Found a flagged portal.
  7844 | Bailey   | Entered a bailey
  7851 | Bailey   | Offered knowledge of Mephitic Cloud by Vehumet.
  8119 | Bailey   | Reached skill level 10 in Spellcasting
  8210 | Bailey   | Got a transparent pewter ring
  8274 | Bailey   | Reached XP level 10. HP: 49/58 MP: 8/26
  8689 | Bailey   | Reached **** piety under Vehumet
  9099 | D:8      | Reached skill level 10 in Conjurations
  9124 | D:8      | Noticed Grum
  9130 | D:8      | Killed Grum
  9177 | D:8      | Identified the ring of Naewokhlu {Ice rElec Int+2 Dex-3} (You took it off a gnoll in a bailey)
  9428 | D:8      | Offered knowledge of Irradiate by Vehumet.
  9621 | D:8      | Gained mutation: You are very clumsy. (Dex -4) [mutagenic meat]
  9622 | D:8      | Gained mutation: Your muscles are strong. (Str +2) [mutagenic meat]
  9623 | D:8      | Gained mutation: You are frail. (-10% HP) [mutagenic meat]
  9630 | D:8      | Lost mutation: You are frail. (-10% HP) [potion of mutation]
  9630 | D:8      | Lost mutation: You are very clumsy. (Dex -4) [potion of mutation]
  9630 | D:8      | Lost mutation: You are clumsy. (Dex -2) [potion of mutation]
  9630 | D:8      | Gained mutation: Your body sometimes deteriorates upon taking damage. [potion of mutation]
  9630 | D:8      | Gained mutation: You are partially covered in icy blue scales. (AC +2) [potion of mutation]
  9630 | D:8      | Gained mutation: You are robust. (+10% HP) [potion of mutation]
  9655 | D:9      | Reached skill level 5 in Fighting
  9713 | D:9      | Paralysed by a hornet for 3 turns
 10177 | D:9      | Noticed a two-headed ogre
 10181 | D:9      | Killed a two-headed ogre
 10222 | D:10     | Entered Level 10 of the Dungeon
 10227 | D:10     | Noticed a skeletal warrior
 10299 | Lair:1   | Entered Level 1 of the Lair of Beasts
 10327 | Lair:1   | Upgraded the game from 0.20-a0-647-gf178af5 to 0.20-a0-650-gd54866b
 10335 | Lair:1   | Noticed a five-headed hydra
 10379 | Lair:1   | Killed a five-headed hydra
 10379 | Lair:1   | Reached XP level 11. HP: 69/69 MP: 17/28
 10968 | Lair:2   | Noticed Harold
 11098 | Lair:2   | Identified the Volume of Evil
 11114 | Lair:2   | Found a labyrinth entrance.
 11123 | Lab      | Entered a labyrinth
 11327 | Lab      | Found an exit through the horrors of the Abyss.
 11664 | Lab      | Noticed a minotaur
 11670 | Lab      | Killed a minotaur
 11670 | Lab      | Reached skill level 10 in Fire Magic
 11703 | Lab      | Got a scorched glass ring
 11704 | Lab      | Got a crystal war axe
 11705 | Lab      | Identified the cursed +0 war axe "Veicaon" {flame, rElec Dex+4} (You found it in a labyrinth)
 11710 | Lab      | Identified the ring of the Establishment {rN+ Slay+3} (You found it in a labyrinth)
 11838 | Lair:2   | Killed Harold
 11838 | Lair:2   | Reached skill level 1 in Armour
 12231 | Lair:2   | Noticed a queen ant
 12260 | Lair:2   | Killed a queen ant
 12323 | Lair:2   | Reached XP level 12. HP: 74/74 MP: 31/31
 12336 | Lair:2   | Reached ***** piety under Vehumet
 12336 | Lair:2   | Offered knowledge of Lee's Rapid Deconstruction by Vehumet.
 12433 | Lair:2   | Found a staircase to the Shoals.
 12509 | Lair:2   | Noticed Fannar
 12514 | Lair:2   | Killed Fannar
 13005 | Lair:3   | Noticed a fire dragon
 13533 | Lair:3   | Found a staircase to the Snake Pit.
 14055 | Lair:4   | Found a frozen archway.
 14099 | IceCv    | Entered an ice cave
 14503 | IceCv    | Got a pair of brightly glowing gloves
 14514 | IceCv    | Identified the +2 pair of gloves "Omupujam" {rElec} (You found it in an ice cave)
 14610 | IceCv    | Noticed a reaper
 14761 | IceCv    | Killed a reaper
 14853 | IceCv    | Got a crude falchion
 14854 | IceCv    | Identified the +4 falchion of Xutahar {flame, Str+3 Int+4 Stlth+} (You found it in an ice cave)
 15311 | Lair:4   | Offered knowledge of Bolt of Cold by Vehumet.
 15319 | Lair:4   | Learned a level 6 spell: Bolt of Cold
 15473 | Lair:4   | Noticed an eight-headed hydra
 15479 | Lair:4   | Killed an eight-headed hydra
 15479 | Lair:4   | Reached XP level 13. HP: 80/80 MP: 19/33
 16961 | Lair:6   | Entered Level 6 of the Lair of Beasts
 17187 | Lair:6   | Reached skill level 15 in Spellcasting
 17410 | Lair:6   | Reached skill level 1 in Shields
 17691 | Lair:6   | Reached skill level 15 in Conjurations
 17974 | Lair:6   | Found a staircase to the Slime Pits.
 18175 | Lair:6   | Reached XP level 14. HP: 85/85 MP: 27/35
 19674 | Lair:6   | Offered knowledge of Conjure Ball Lightning by Vehumet.
 20003 | Lair:6   | Got an ancient glass ring
 20283 | Lair:6   | Reached skill level 15 in Fire Magic
 20555 | Lair:6   | Identified the ring "Taokych" {Fire Str+2 SInv} (You found it on level 6 of the Lair of Beasts)
 20998 | D:10     | Got a sheer robe
 21009 | D:10     | Identified the +1 robe of Casiuceg {rF+ Dex+4 Slay+2} (You found it on level 10 of the Dungeon)
 21034 | D:10     | Found Ynuilo's Food Shop.
 21252 | D:10     | Found Rimytz's Antique Weapon Emporium.
 21406 | D:10     | Found Ehu Rija's Assorted Antiques.
 21414 | D:10     | Bought a potion of heal wounds for 130 gold pieces
 21414 | D:10     | Bought a scroll of magic mapping for 91 gold pieces
 21837 | D:11     | Noticed nago's ghost (journeyman DrAs)
 22046 | D:11     | Killed nago's ghost
 22157 | D:11     | Reached ****** piety under Vehumet
 22625 | D:12     | Noticed Josephine
 22629 | D:12     | Killed Josephine
 22629 | D:12     | Reached XP level 15. HP: 69/92 MP: 26/37
 22630 | D:12     | Offered knowledge of Bolt of Fire by Vehumet.
 22648 | D:12     | Learned a level 6 spell: Bolt of Fire
 22835 | D:12     | Found a staircase to the Orcish Mines.
 22837 | D:12     | Found Dinguoq's Weapon Boutique.
 24046 | Orc:1    | Entered Level 1 of the Orcish Mines
 24352 | Orc:1    | Found a roughly hewn altar of Beogh.
 24429 | Orc:1    | Found a roughly hewn altar of Beogh.
 24609 | Orc:1    | Found Piogefeo's Magic Scroll Emporium.
 24622 | Orc:1    | Found Bopy Faapn's Assorted Antiques.
 24629 | Orc:1    | Bought a potion of heal wounds for 130 gold pieces
 24830 | Orc:2    | Entered Level 2 of the Orcish Mines
 24848 | Orc:2    | Found Ceimeteubb's Antique Weapon Shop.
 24890 | Orc:2    | Found Jacep's Food Shoppe.
 24948 | Orc:2    | Noticed Maurice
 24953 | Orc:2    | Killed Maurice
 24961 | Orc:2    | Offered knowledge of Spellforged Servitor by Vehumet.
 25042 | Orc:2    | Learned a level 7 spell: Spellforged Servitor
 25193 | Orc:2    | Found Boneomp's Assorted Antiques.
 25195 | Orc:2    | Found Qisuogh's Armour Shop.
 25201 | Orc:2    | Found a staircase to the Elven Halls.
 25292 | Orc:2    | Found Jinoa's Antique Weapon Boutique.
 25292 | Orc:2    | Found Umerph Vijounk's Assorted Antiques.
 25353 | Orc:2    | Found a roughly hewn altar of Beogh.
 25412 | Orc:2    | Noticed an orc warlord
 25421 | Orc:2    | Killed an orc warlord
 25440 | Orc:2    | Found Foblaenn's Magic Scroll Shoppe.
 25440 | Orc:2    | Found Dal Tir's Jewellery Boutique.
 25789 | D:13     | Gained mutation: You are partially covered in iridescent scales. (AC +2) [mutagenic meat]
 25791 | D:13     | Gained mutation: You are agile. (Dex +2) [mutagenic meat]
 25792 | D:13     | Gained mutation: Your magical capacity is low. (-10% MP) [mutagenic meat]
 25872 | D:13     | Noticed Frances
 25904 | D:13     | Killed Frances
 26497 | D:13     | Offered knowledge of Orb of Destruction by Vehumet.
 26506 | D:13     | Learned a level 7 spell: Orb of Destruction
 26857 | D:14     | Found a gate to the Vaults.
 27400 | D:15     | Entered Level 15 of the Dungeon
 27400 | D:15     | Noticed Kirke
 27408 | D:14     | Killed Kirke
 27799 | D:15     | Reached XP level 16. HP: 70/96 MP: 0/36
 28178 | D:15     | Found a staircase to the Depths.
 28526 | D:12     | Bought the +6 war axe of Okawaru's Benevolence {chop, rPois MP+9} for 848 gold pieces
 28705 | Snake:1  | Entered Level 1 of the Snake Pit
 28765 | Snake:1  | Offered knowledge of Ozocubu's Refrigeration by Vehumet.
 29383 | Snake:1  | Found Ibry's Distillery.
 29385 | Snake:1  | Found Eju Ymoc's General Store.
 29387 | Snake:1  | Found Sutusyli's Antique Armour Emporium.
 29392 | Snake:1  | Bought a potion of haste for 180 gold pieces
 29392 | Snake:1  | Bought a potion of curing for 54 gold pieces
 29396 | Snake:1  | Bought a distressingly furry chain mail for 180 gold pieces
 29440 | Snake:1  | Identified the +3 chain mail "Nox Omoe" {rN+ rCorr SInv} (You bought it in a shop on level 1 of the Snake Pit)
 29866 | Snake:2  | Found Dabotooz's General Store.
 29866 | Snake:2  | Found Uwnewkusm's Jewellery Shoppe.
 30031 | Snake:2  | Found Juina's Weapon Boutique.
 30485 | Snake:2  | Found Giptefos's Armour Emporium.
 30493 | Snake:2  | Bought the +0 mask of the Dragon {MR+ Slay+3 SInv} for 567 gold pieces
 31039 | Snake:3  | Offered knowledge of Fire Storm by Vehumet.
 31039 | Snake:3  | Offered knowledge of Glaciate by Vehumet.
 31039 | Snake:3  | Offered knowledge of Tornado by Vehumet.
 31050 | Snake:3  | Learned a level 9 spell: Fire Storm
 31838 | Snake:4  | Entered Level 4 of the Snake Pit
 31901 | Snake:4  | Got a fabulously ornate robe
 31902 | Snake:4  | Identified the cursed +1 robe "Bupnij" {Int+3} (You found it on level 4 of the Snake Pit)
 32011 | Snake:4  | Reached XP level 17. HP: 93/102 MP: 25/38
 33363 | Snake:4  | Gained mutation: You are very robust. (+20% HP) [mutagenic meat]
 33365 | Snake:4  | Lost mutation: Your magical capacity is low. (-10% MP) [mutagenic meat]
 33366 | Snake:4  | Gained mutation: You possess an exceptional clarity of mind. [mutagenic meat]
 34573 | Snake:4  | Got a serpentine rune of Zot
 34838 | Shoals:1 | Entered Level 1 of the Shoals
 35361 | Shoals:1 | Reached XP level 18. HP: 121/121 MP: 44/44
 36869 | Shoals:3 | Learned a level 7 spell: Ring of Flames
 37812 | Shoals:4 | Entered Level 4 of the Shoals
 37891 | Shoals:4 | Noticed Mara
 38154 | Shoals:4 | Noticed Ilsuiw
 38157 | Shoals:4 | Killed Ilsuiw
 38395 | Shoals:4 | Noticed retryentry's illusion
 38737 | Shoals:4 | Found a runed door.
 39375 | Shoals:4 | Got a barnacled rune of Zot
 39470 | Shoals:4 | Noticed retryentry's illusion
 39471 | Shoals:4 | Killed Mara
 39471 | Shoals:4 | Reached XP level 19. HP: 126/126 MP: 17/47
 39702 | Slime:1  | Entered Level 1 of the Pits of Slime
 40280 | Slime:5  | Entered Level 5 of the Pits of Slime
 40308 | Slime:5  | Noticed the Royal Jelly
 40311 | Slime:5  | Killed the Royal Jelly
 40952 | Slime:5  | Identified Sif Muna's Disquisition on Destructive Ignition
 40961 | Slime:5  | Learned a level 2 spell: Sublimation of Blood
 40963 | Slime:5  | Identified Sif Muna's Volume of the Venomous Birds
 40974 | Slime:5  | Learned a level 6 spell: Deflect Missiles
 41046 | Slime:5  | Got a slimy rune of Zot
 41074 | Slime:5  | Got a smoking helmet
 41075 | Slime:5  | Identified the +1 helmet of Yredelemnul's Favour {Str+7} (You found it on level 5 of the Pits of Slime)
 41134 | Slime:5  | Got a shimmering robe
 41135 | Slime:5  | Identified the cursed -5 robe of Misfortune {-Cast *Contam *Tele *Drain EV-5 Stlth-- *Curse} (You found it on level 5 of the Pits of Slime)
 41439 | Elf:1    | Entered Level 1 of the Elven Halls
 41439 | Elf:1    | Found Esuacuet's Magic Scroll Boutique.
 41444 | Elf:1    | Bought a scroll of teleportation for 45 gold pieces
 41444 | Elf:1    | Bought a scroll of blinking for 112 gold pieces
 41444 | Elf:1    | Bought a scroll of teleportation for 45 gold pieces
 41444 | Elf:1    | Bought a scroll of teleportation for 45 gold pieces
 41466 | Elf:1    | Found Ziduva's Gadget Boutique.
 41526 | Elf:1    | Found Gaaj's Magic Scroll Emporium.
 41777 | Elf:1    | Bought a scroll of magic mapping for 49 gold pieces
 41777 | Elf:1    | Bought a scroll of magic mapping for 49 gold pieces
 41843 | Elf:1    | Found Tiepohoss's Jewellery Shop.
 41856 | Elf:1    | Found Yntonaepa's Antique Armour Emporium.
 42045 | Elf:1    | Reached XP level 20. HP: 133/133 MP: 45/49
 42417 | Elf:2    | Found a runed gate.
 42417 | Elf:2    | Found a runed gate.
 42418 | Elf:2    | Found a runed gate.
 42595 | Elf:2    | Found Ugasucre's Assorted Antiques.
 42775 | Elf:2    | Got a twisted cloak
 42776 | Elf:2    | Identified the cursed +0 cloak of the Endless Dreams {Dex+4} (You found it on level 2 of the Elven Halls)
 43625 | Elf:3    | Entered Level 3 of the Elven Halls
 43925 | Elf:3    | Reached skill level 1 in Necromancy
 43938 | Elf:3    | Reached skill level 5 in Dodging
 43939 | Elf:3    | Reached skill level 5 in Shields
 44171 | Elf:3    | Learned a level 2 spell: Blink
 44849 | Vaults:1 | Entered Level 1 of the Vaults
 44851 | Vaults:1 | Reached XP level 21. HP: 138/138 MP: 50/50
 46459 | Vaults:2 | Found Hirutub's Antique Weapon Shoppe.
 46832 | Vaults:2 | Found a staircase to the Crypt.
 47051 | Vaults:2 | Reached skill level 1 in Transmutations
 47144 | Vaults:2 | Killed Margery
 47364 | Vaults:3 | Noticed aves's ghost (adept VSFi)
 47367 | Vaults:3 | Killed aves's ghost
 47384 | Vaults:3 | Reached skill level 5 in Transmutations
 47831 | Vaults:3 | Found Qewam's General Store.
 48137 | Vaults:3 | Reached XP level 22. HP: 145/145 MP: 49/52
 49205 | Vaults:4 | Reached skill level 5 in Necromancy
 51322 | Vaults:5 | Entered Level 5 of the Vaults
 51324 | Vaults:5 | Reached skill level 10 in Transmutations
 51329 | Vaults:5 | Reached skill level 5 in Armour
 51329 | Vaults:5 | Reached XP level 23. HP: 140/151 MP: 54/54
 51532 | Vaults:5 | Noticed an ancient lich
 51534 | Vaults:5 | Killed an ancient lich
 51985 | Vaults:5 | Noticed an ancient lich
 51987 | Vaults:5 | Killed an ancient lich
 52852 | Vaults:5 | Found Xeammaz's Magic Scroll Shoppe.
 52856 | Vaults:5 | Found Kixejuol's Food Shop.
 52999 | Vaults:5 | Got a pitted ring mail
 53000 | Vaults:5 | Identified the cursed +1 ring mail of Fun and Games {Str+6} (You found it on level 5 of the Vaults)
 53066 | Vaults:5 | Reached skill level 10 in Necromancy
 53153 | Vaults:5 | Noticed glosham's ghost (veteran BaEE)
 53157 | Vaults:5 | Killed glosham's ghost
 53403 | Vaults:5 | Noticed an ancient lich
 53405 | Vaults:5 | Killed an ancient lich
 53408 | Vaults:5 | Got a glittering ivory ring
 53554 | Vaults:5 | Reached XP level 24. HP: 158/158 MP: 55/55
 53817 | Vaults:5 | Found Qeacs's Distillery.
 53821 | Vaults:5 | Bought a potion of heal wounds for 75 gold pieces
 53821 | Vaults:5 | Bought a potion of heal wounds for 75 gold pieces
 53851 | Vaults:5 | Got a silver rune of Zot
 53897 | Vaults:5 | Identified the ring "Ceimnin" {rCorr Str+2} (You took it off a vault warden on level 5 of the Vaults)
 53911 | Vaults:5 | Identified the Volume of the Spatial Arsonist
 54320 | Depths:1 | Entered Level 1 of the Depths
 54379 | Depths:1 | Reached skill level 1 in Translocations
 54443 | Depths:1 | Found Unan's General Store.
 54449 | Depths:1 | Found a gateway to Hell.
 54472 | Depths:1 | Found Mugestiu's General Store.
 54473 | Depths:1 | Found Feenecsa's Magic Scroll Shop.
 54514 | Depths:1 | Found Zeoss's General Store.
 54516 | Depths:1 | Bought a phantom mirror for 600 gold pieces
 54610 | Depths:1 | Noticed Nikola
 54612 | Depths:1 | Killed Nikola
 54848 | Depths:1 | Found Kuruoh's Antique Weapon Boutique.
 55482 | Depths:2 | Noticed a juggernaut
 55662 | Depths:2 | Reached skill level 5 in Translocations
 55962 | Depths:2 | Noticed Asterion
 55964 | Depths:2 | Killed Asterion
 56076 | Depths:2 | Killed a juggernaut
 56199 | Depths:2 | Noticed the Enchantress
 56200 | Depths:2 | Killed the Enchantress
 56209 | Depths:2 | Got faerie dragon scales
 56226 | Depths:2 | Identified the +2 faerie dragon scales {rCorr Int+3} (You took it off the Enchantress on level 2 of the Depths)
 56276 | Depths:2 | Reached skill level 27 in Spellcasting
 56339 | Depths:2 | Got a faintly glowing turquoise ring
 56399 | Depths:2 | Identified the ring "Viytroih" {rC++ Str+4 Dex+3} (You found it on level 2 of the Depths)
 56481 | Depths:2 | Reached XP level 25. HP: 163/163 MP: 56/56
 57032 | Depths:3 | Found a one-way gate leading to the halls of Pandemonium.
 57198 | Depths:3 | Found a snail-covered altar of Cheibriados.
 58005 | Depths:4 | Found a one-way gate to the infinite horrors of the Abyss.
 58385 | Depths:4 | Identified the Compendium of Boosts and the Frostbite
 58661 | Depths:4 | Reached XP level 26. HP: 172/172 MP: 56/56
 58722 | Depths:5 | Entered Level 5 of the Depths
 58855 | Depths:5 | Found Teeg's Distillery.
 58865 | Depths:5 | Bought a potion of haste for 150 gold pieces
 58865 | Depths:5 | Bought a potion of heal wounds for 75 gold pieces
 58926 | Depths:5 | Found a shattered altar of Ashenzari.
 59193 | Depths:5 | Found Bemy's Food Boutique.
 59387 | Depths:5 | Found a gateway to a ziggurat.
 59428 | Depths:5 | Reached skill level 27 in Conjurations
 59431 | Depths:5 | Found a gate to the Realm of Zot.
 59506 | Depths:5 | Found Unaowao's Book Shop.
 59706 | Depths:5 | Reached skill level 10 in Dodging
 59783 | Depths:5 | Learned a level 9 spell: Tornado
 59785 | Zig:1    | Entered Level 1 of a ziggurat
 59808 | Zig:1    | Learned a level 9 spell: Dragon's Call
 59817 | Zig:2    | Entered Level 2 of a ziggurat
 59840 | Zig:3    | Entered Level 3 of a ziggurat
 59843 | Zig:3    | Noticed a greater mummy
 59845 | Zig:3    | Killed a greater mummy
 59904 | Zig:4    | Entered Level 4 of a ziggurat
 59908 | Zig:4    | Reached skill level 1 in Air Magic
 59935 | Zig:5    | Entered Level 5 of a ziggurat
 59963 | Zig:5    | Identified the Reference Book on Glacial Stolen Souls
 59972 | Zig:5    | Got a jewelled broad axe
 59976 | Zig:5    | Identified the +8 broad axe of Attainder {flame, +Inv +Fly Int+3 Dex+3} (You found it on level 5 of a ziggurat)
 59979 | Zig:6    | Entered Level 6 of a ziggurat
 60008 | Zig:6    | Identified the Incunabulum of the Blistering Snowflakes
 60022 | Zig:7    | Entered Level 7 of a ziggurat
 60108 | Zig:8    | Entered Level 8 of a ziggurat
 60113 | Zig:8    | Noticed a juggernaut
 60116 | Zig:8    | Killed a juggernaut
 60140 | Zig:8    | Identified the Catalogue of Ashen Ignition
 60146 | Zig:8    | Identified the Almanac of the Ashen Voyage
 60178 | Zig:9    | Entered Level 9 of a ziggurat
 60225 | Zig:10   | Entered Level 10 of a ziggurat
 60233 | Zig:10   | Noticed an ancient lich
 60234 | Zig:10   | Killed an ancient lich
 60284 | Zig:11   | Entered Level 11 of a ziggurat
 60329 | Zig:11   | Got a brightly glowing bone ring
 60330 | Zig:11   | Identified the ring "Lot Omuwn" {Str+6 SInv} (You found it on level 11 of a ziggurat)
 60365 | Zig:12   | Entered Level 12 of a ziggurat
 60375 | Zig:12   | Reached skill level 10 in Fighting
 60378 | Zig:12   | Reached XP level 27. HP: 182/182 MP: 45/56
 60410 | Zig:12   | Got a faintly glowing pewter ring
 60413 | Zig:12   | Identified the ring of Ycketaorph {MR+ Str+2} (You found it on level 12 of a ziggurat)
 60418 | Zig:12   | Got a brightly glowing granite ring
 60419 | Zig:12   | Identified the ring "Ruoqa" {rN+ Str+4} (You found it on level 12 of a ziggurat)
 60431 | Zig:12   | Identified a scroll of acquirement
 60437 | Zig:12   | Got a fine cloak
 60448 | Zig:12   | Identified the +2 cloak of the Other Side {rElec rN++ Str+4 Int-3} (You acquired it on level 12 of a ziggurat)
 60464 | Zig:12   | Got a crude morningstar
 60465 | Zig:12   | Identified the +6 morningstar of Unpleasantness {crush, Str+3} (You found it on level 12 of a ziggurat)
 60498 | Zig:13   | Entered Level 13 of a ziggurat
 60514 | Zig:13   | Reached skill level 5 in Air Magic
 60589 | Zig:13   | Identified the Collected Works on the Voyage and Conjuration
 60604 | Zig:13   | Got a wavering jade ring
 60606 | Zig:13   | Identified the ring of Xom's Amusement {rN+ Str+8} (You found it on level 13 of a ziggurat)
 60633 | Zig:14   | Entered Level 14 of a ziggurat
 60646 | Zig:14   | Reached skill level 15 in Necromancy
 60707 | Zig:15   | Entered Level 15 of a ziggurat
 60715 | Zig:15   | Noticed a greater mummy
 60715 | Zig:15   | Noticed a greater mummy
 60717 | Zig:15   | Killed a greater mummy
 60717 | Zig:15   | Killed a greater mummy
 60719 | Zig:15   | Noticed a greater mummy
 60720 | Zig:15   | Noticed a greater mummy
 60720 | Zig:15   | Killed a greater mummy
 60721 | Zig:15   | Killed a greater mummy
 61077 | Zig:15   | Got a warped steel ring
 61079 | Zig:15   | Identified the ring of Hipiep {rPois rC+ Int+2} (You found it on level 15 of a ziggurat)
 61092 | Zig:15   | Learned a level 3 spell: Regeneration
 61107 | Zig:15   | Got a bloodstained broad axe
 61108 | Zig:15   | Identified the cursed +1 broad axe of Focus {flame, *Rage rPois Int+4} (You found it on level 15 of a ziggurat)
 61120 | Zig:16   | Entered Level 16 of a ziggurat
 61151 | Zig:16   | Identified Sif Muna's Incunabulum of the Poisonous Blaze
 61161 | Zig:16   | Got a flickering steel amulet
 61162 | Zig:16   | Identified the amulet "Deixzemy" {Harm *Drain MR- Dex+7} (You found it on level 16 of a ziggurat)
 61186 | Zig:17   | Entered Level 17 of a ziggurat
 61197 | Zig:17   | Reached skill level 1 in Charms
 61251 | Zig:18   | Entered Level 18 of a ziggurat
 61264 | Zig:18   | Noticed a juggernaut
 61265 | Zig:18   | Noticed a juggernaut
 61266 | Zig:18   | Killed a juggernaut
 61266 | Zig:18   | Killed a juggernaut
 61266 | Zig:18   | Reached skill level 5 in Charms
 61267 | Zig:18   | Noticed a juggernaut
 61267 | Zig:18   | Killed a juggernaut
 61268 | Zig:18   | Noticed a juggernaut
 61269 | Zig:18   | Killed a juggernaut
 61270 | Zig:18   | Killed a juggernaut
 61270 | Zig:18   | Reached skill level 10 in Shields
 61271 | Zig:18   | Noticed a juggernaut
 61271 | Zig:18   | Reached skill level 10 in Armour
 61271 | Zig:18   | Killed a juggernaut
 61305 | Zig:18   | Learned a level 8 spell: Necromutation
 61316 | Zig:18   | Learned a level 8 spell: Death's Door
 61325 | Zig:18   | Learned a level 8 spell: Borgnjor's Revivification
 61328 | Zig:18   | Identified the Almanac of the Captivating Arsonist
 61395 | Zig:19   | Entered Level 19 of a ziggurat
 61412 | Zig:19   | Noticed an ancient lich
 61413 | Zig:19   | Killed an ancient lich
 61414 | Zig:19   | Killed an ancient lich
 61492 | Zig:20   | Entered Level 20 of a ziggurat
 61504 | Zig:20   | Reached skill level 1 in Summonings
 61505 | Zig:20   | Noticed Qodwomy the pandemonium lord
 61507 | Zig:20   | Killed Qodwomy the pandemonium lord
 61507 | Zig:20   | Reached skill level 10 in Charms
 61526 | Zig:20   | Killed from afar by a Hell Sentinel

Vault maps used:
D:1:      dpeg_arrival_caged_fury
D:2:      chequers_ecumenical_altar_simple_redux
D:3:      first_bread, hangedman_feature_mirror
D:4:      minmay_temple_entry_glass, guppyfry_shop_venom
D:5:      portal_sewer_entry_e
D:6:      serial_shops, nicolae_shop_stone
D:7:      uniq_duvessa
D:8:      david_lair_generic, serial_shops, shop, enter_bailey_2,
          supply_closet_lemuel, uniq_grum
D:10:     serial_shops, nicolae_shop_stone, shop, kennysheep_mini_moat,
          the_bakery
D:12:     orc_david_3, lightli_fourway_metalbox, uniq_josephine
D:13:     grunt_decor_one_mirror, uniq_frances
D:14:     erik_vaults_2
D:15:     gammafunk_depths_entry_grave, abandoned_shop, uniq_kirke
Temple:   compressed_dpeg_triangle_lava_temple
Lair:1:   beast_lair_carwin_11
Lair:2:   elwin_shoals_entry_rocks, lab_entry_generic, wad_woods_antlair,
          uniq_fannar, uniq_harold
Lair:3:   dragon1_lemuel, guppyfry_snake_entry_garden, beast_lair_carwin_3
Lair:4:   portal_ice_cave_demonic_guard, minivault_11, beast_lair_carwin_4
Lair:5:   cheibrodos_lair_lostbears
Lair:6:   hangedman_lair_caniforms_friends, guppyfry_lair_end_dragon,
          slime_dummy, lemuel_fruit_fields
Shoals:1: nicolae_shoals_square_sea_wall, argonaut_gorgonesque
Shoals:2: cheibrodos_shoals_oceanic_diplomacy
Shoals:3: st_cyclops
Shoals:4: shoals_end_hangedman, shoals_ilsuiw_ice, lightli_airlock, uniq_mara
Snake:1:  minmay_shop_star, serial_bayou_shore_b
Snake:2:  serial_shops, shop, nicolae_shop_crystal,
          nicolae_shop_temple_entry_statues_fountains, nicolae_shop_crystal,
          spider_trap
Snake:3:  spider_trap
Snake:4:  snake_pit_salamanders_mu, nicolae_snake_shapes
Slime:3:  nicolae_slime_pool
Orc:1:    serial_shops, nicolae_shop_temple_entry_statues_fountains, shop, shop,
          hangedman_feature_mirror
Orc:2:    st_orc_town, serial_shops, shop, shop, shop_fountains,
          nicolae_shop_temple_entry_statues_fountains, uniq_maurice
Elf:1:    serial_shops, shop, nicolae_shop_statue_plus, nicolae_shop_waterfront,
          shop, shop, minivault_28, kilobyte_mutagenic_chamber
Elf:2:    serial_shops, shop_fountains
Elf:3:    minmay_elf_hall_four_x, spider_trap
Vaults:1: st_squares, v_misc_22, v_rooms_2, hangedman_vaults_nails,
          nicolae_vaults_diagonal_hallway_8, vaults_room_pool,
          ontoclasm_vaults_ligature, v_misc_30, nicolae_vaults_little_squares_4,
          v_misc_28, vaults_room_hallway
Vaults:2: nicolae_vaults_murderbox, minmay_crypt_entry_simple_statues,
          nicolae_vaults_bisected_inception, nicolae_vaults_little_squares_5,
          vaults_mumra_hex, nicolae_vaults_little_squares_3, vaults_room_pools,
          v_misc_14, serial_shops, shop, uniq_margery
Vaults:3: vaults_dpeg_ring, v_misc_1, v_misc_1, nicolae_vaults_quadrants,
          vaults_room_fours, v_misc_24, nicolae_vaults_twisting_passages,
          nicolae_vaults_little_ls, v_misc_3, v_alt_pattern_2,
          grunt_vaults_diagonal, ontoclasm_vaults_fault, vaults_room_pool,
          serial_shops, nicolae_shop_trees
Vaults:4: nicolae_vaults_network_quinsquares, hangedman_vaults_nails, v_rooms_4,
          v_pattern_2, nicolae_vaults_network_barrier, hangedman_vaults_snaps,
          nicolae_vaults_branching_niches, nicolae_vaults_rhombus_6, v_misc_19
Depths:1: serial_shops, shop, shop, shop, shop_fountains, shop_fountains,
          hell_entry, spider_trap, minivault_22, minmay_misc_feat_rows,
          lemuel_old_faithful, uniq_nikola
Depths:2: nicolae_legendary_halls, hell_entry, serial_bayou_pond_c,
          uniq_asterion, uniq_enchantress
Depths:3: pf_snail_temple, rand_demon_pan_entry_5, hangedman_decor_push,
          hell_entry
Depths:4: evilmike_diamond_1, roderic_serpentine_path, abyss_entry,
          pf_hell_entry_great_geh
Depths:5: grunt_zot_entry_bicorn, enter_ziggurat_d, abyss_entry, hell_entry,
          serial_shops, shop, nicolae_shop_competitors_out_of_business, shop,
          kennysheep_doodads, nicolae_ashenzari_panopticon
Zig:4:    ziggurat_pillar_centre_c
Zig:9:    ziggurat_pillar_centre_smoke
Zig:15:   ziggurat_pillar_centre_dead_trees
Lab:      labyrinth_fake_exit, nicolae_lab_quarters, nicolae_lab_blocks,
          labyrinth_lava_lair, nicolae_lab_statue
Sewer:    sewer_the_crocodile
Bailey:   bailey_polearm_gnolls_kennysheep, bailey
IceCv:    ice_cave_small_demon

Skill      XL: |  1  2  3  4  5  6  7  8  9 10 11 12 13 14 15 16 17 18 19 20 21 22 23 24 25 26 27 |
---------------+----------------------------------------------------------------------------------+-----
Fire Magic     | 4 5 6 8 9 11 12 14 15 16 17 18 19 20 21 22 23 24 | 24.6
Spellcasting   | 4 5 7 8 10 11 13 14 15 16 17 19 20 22 23 24 25 26 27 | 27.0
Conjurations   | 2 3 4 5 6 7 9 11 12 13 15 16 18 20 21 22 23 24 25 26 27 | 27.0
Fighting       | 1 2 3 4 5 6 7 8 10 | 10.4
Dodging        | 3 5 6 9 11 13 | 13.7
Armour         | 1 2 3 4 5 7 8 11 | 11.0
Shields        | 1 3 4 5 6 7 8 10 | 10.7
Necromancy     | 2 4 7 10 12 13 20 | 20.1
Transmutations | 6 10 12 13 14 | 14.1
Translocations | 6 7 |  7.0
Air Magic      | 4 8 |  8.7
Charms         | 10 | 10.4
Summonings     | 2 |  2.9
Stealth        | |  2.4

Action                   |  1- 3 |  4- 6 |  7- 9 | 10-12 | 13-15 | 16-18 | 19-21 | 22-24 | 25-27 || total
-------------------------+-------+-------+-------+-------+-------+-------+-------+-------+-------++-------
Melee: Unarmed           |     2 |     2 |       |       |       |       |       |       |       ||     4
       Rapier            |       |       |   101 |   134 |   228 |    22 |       |       |       ||   485
       War axe           |       |       |       |       |       |    46 |    10 |    21 |       ||    77
       Staff             |       |       |       |       |       |       |    12 |       |       ||    12
 Cast: Flame Tongue      |    69 |    93 |   229 |   117 |     4 |       |       |       |       ||   512
       Conjure Flame     |       |     1 |     7 |     8 |     3 |       |       |       |       ||    19
       Sticky Flame      |       |     2 |    23 |    57 |    82 |    38 |     3 |     1 |       ||   206
       Fireball          |       |       |    16 |   127 |   410 |   486 |    23 |       |       ||  1062
       Freeze            |       |       |     3 |     9 |     2 |       |       |       |       ||    14
       Bolt of Cold      |       |       |       |       |    20 |    45 |       |       |       ||    65
       Bolt of Fire      |       |       |       |       |    41 |    78 |    25 |     1 |       ||   145
       Fire Storm        |       |       |       |       |       |     8 |   201 |   290 |   269 ||   768
       Orb of Destructio |       |       |       |       |       |       |    76 |   108 |    62 ||   246
       Spellforged Servi |       |       |       |       |       |       |       |     4 |     2 ||     6
       Sublimation of Bl |       |       |       |       |       |       |       |       |     6 ||     6
       Blink             |       |       |       |       |       |       |       |       |     2 ||     2
       Ring of Flames    |       |       |       |       |       |       |       |       |     1 ||     1
       Regeneration      |       |       |       |       |       |       |       |       |     3 ||     3
       Necromutation     |       |       |       |       |       |       |       |       |     2 ||     2
       Deflect Missiles  |       |       |       |       |       |       |       |       |     2 ||     2
 Abil: End Transformatio |       |       |       |       |       |       |       |       |     1 ||     1
Evoke: Wand              |       |       |       |    13 |       |       |     6 |       |     1 ||    20
  Use: Potion            |       |     2 |     3 |     7 |       |     4 |       |     7 |     2 ||    25
       Scroll            |       |       |    17 |    14 |     2 |    12 |    11 |     8 |    17 ||    81
  Eat: Chunk             |     1 |     6 |    24 |    27 |    47 |    23 |    37 |    70 |    22 ||   257
       Fruit             |       |       |     1 |     9 |     5 |    17 |     2 |       |     4 ||    38
       Bread ration      |       |       |       |       |       |     2 |    13 |     6 |     3 ||    24
Armor: Robe              |     4 |    11 |    37 |    12 |    10 |       |       |       |       ||    74
       Quicksilver drago |       |       |       |    55 |   101 |    75 |    26 |    26 |       ||   283
       Skin              |       |       |       |    13 |       |       |       |       |       ||    13
       Animal skin       |       |       |       |     1 |       |       |       |       |       ||     1
       Acid dragon scale |       |       |       |       |       |       |       |       |    13 ||    13
Dodge: Dodged            |    26 |    41 |    90 |    98 |   189 |   117 |    29 |    57 |    52 ||   699
       Deflected         |       |       |       |       |       |       |       |       |     1 ||     1
Block: Other             |       |       |    35 |    53 |    48 |       |       |       |       ||   136
       Reflection        |       |       |     5 |       |     6 |    27 |     9 |    22 |     9 ||    78
       Buckler           |       |       |       |       |    96 |   137 |    31 |    61 |    35 ||   360
